[Event "89th GER-ch"]
[Site "Dresden"]
[Date "2018.08.03"]
[Round "1"]
[White "Poetsch, Hagen"]
[Black "Syrov, Arkadi"]
[Result "1/2-1/2"]
[ECO "E06"]
[WhiteElo "2513"]
[BlackElo "2295"]
[Annotator "RC"]
[PlyCount "120"]
[EventDate "2018.08.03"]
[EventType "swiss"]
[EventCountry "GER"]
[SourceTitle "playchess.com"]
[Source "ChessBase"]
[SourceQuality "1"]
[TimeControl "40/5400+30:1800+30"]

1. Nf3 d5 2. g3 c5 3. Bg2 Nc6 4. d4 Nf6 5. O-O e6 6. c4 Be7 7. cxd5 Nxd5 8. dxc5 Bxc5 9. Qc2 Bb6 10. Rd1 Qe7 11. Nc3 Nxc3 12. Qxc3 O-O 13. Bf4 Rd8 14. Rxd8+ Qxd8 15. Qc2 f6 16. Rd1 Qe8 17. Qb3 Kh8 18. Be3 Bxe3 19. Qxe3 e5 20. Nd2 Be6 21. Nb3 Rd8 22. Rxd8 Qxd8 23. Bxc6 bxc6 24. Kg2 Qd7 25. f3 h6 26. Qd2 Qxd2 27. Nxd2 Kg8 28. Kf2 Kf7 29. Ke3 Ke7 30. Kd3 c5 31. a3 Kd6 32. f4 exf4 33. gxf4 Bd5 34. e4 Bf7 35. Ke3 g5 36. e5+ fxe5 37. fxg5 hxg5 38. Ne4+ Kd5 39. Nxg5 Bg6 40. Nf3 a5 41. Nd2 a4 42. h4 e4 43. Nf1 Kc4 44. Nd2+ Kd5 45. b3 axb3 46. Nxb3 c4 47. Nd4 Be8 48. Ne2 Ke5 49. Nc3 Bc6 50. h5 Kf5 51. Kd4 Kg5 52. Nxe4+ Kxh5 53. Nc3 Kg6 54. Kxc4 Kf6 55. Kc5 Be8 56. Kd6 Kf5 57. Nd5 Ba4 58. Nb6 Bd1 59. a4 Bxa4 60. Nxa4 Kg5 1/2-1/2

[Event "89th GER-ch"]
[Site "Dresden"]
[Date "2018.08.03"]
[Round "1"]
[White "Zude, Arno"]
[Black "Rehberg, Raphael"]
[Result "0-1"]
[ECO "B42"]
[WhiteElo "2373"]
[BlackElo "2243"]
[Annotator "ChessBase"]
[PlyCount "52"]
[EventDate "2018.08.03"]
[EventType "swiss"]
[EventCountry "GER"]
[SourceTitle "playchess.com"]
[Source "ChessBase"]
[SourceQuality "1"]
[TimeControl "40/5400+30:1800+30"]

1. e4 c5 2. Nf3 e6 3. d4 cxd4 4. Nxd4 a6 5. Bd3 Qc7 6. O-O Nf6 7. Qe2 d6 8. f4 Nbd7 9. c4 g6 10. f5 gxf5 11. exf5 e5 12. Nc3 Be7 13. Nc2 b6 14. Bh6 Bb7 15. Ne3 Rg8 16. b4 b5 17. Rac1 Qb6 18. Qf2 bxc4 19. Bxc4 d5 20. Ncxd5 Nxd5 21. Nxd5 Qxh6 22. f6 Bxb4 23. Nc7+ Kd8 24. Bd5 Bd2 25. Bxf7 Rxg2+ 26. Qxg2 Be3+ 0-1

[Event "89th GER-ch"]
[Site "Dresden"]
[Date "2018.08.03"]
[Round "1"]
[White "Gschnitzer, Adrian"]
[Black "Heimrath, Reiner"]
[Result "1-0"]
[ECO "C50"]
[WhiteElo "2333"]
[BlackElo "2200"]
[Annotator "ChessBase"]
[PlyCount "53"]
[EventDate "2018.08.03"]
[EventType "swiss"]
[EventCountry "GER"]
[SourceTitle "playchess.com"]
[Source "ChessBase"]
[SourceQuality "1"]
[TimeControl "40/5400+30:1800+30"]

1. e4 e5 2. Nf3 Nc6 3. Bc4 Bc5 4. O-O Nf6 5. d4 Bxd4 6. Nxd4 Nxd4 7. f4 d6 8. fxe5 dxe5 9. Bg5 Be6 10. Na3 Qe7 11. c3 Bxc4 12. Bxf6 gxf6 13. Nxc4 Ne6 14. b4 Rg8 15. Ne3 Qd6 16. Qxd6 cxd6 17. Nd5 Rg7 18. Rxf6 Rc8 19. Raf1 Rc6 20. h4 Nf4 21. Nxf4 exf4 22. Rf3 Rg4 23. Rh6 Ra6 24. Rf2 Rc6 25. Rc2 f3 26. Rxh7 Rc4 27. Kf1 {(Zeit)} 1-0

[Event "89th GER-ch"]
[Site "Dresden"]
[Date "2018.08.03"]
[Round "1"]
[White "Mueller, Nick"]
[Black "Heinert, Eugen"]
[Result "1-0"]
[ECO "C02"]
[WhiteElo "2313"]
[BlackElo "2146"]
[Annotator "ChessBase"]
[PlyCount "47"]
[EventDate "2018.08.03"]
[EventType "swiss"]
[EventCountry "GER"]
[SourceTitle "playchess.com"]
[Source "ChessBase"]
[SourceQuality "1"]
[TimeControl "40/5400+30:1800+30"]

1. e4 e6 2. d4 d5 3. e5 c5 4. c3 Nc6 5. Nf3 Bd7 6. Be2 Rc8 7. O-O Nge7 8. Re1 Nf5 9. dxc5 Bxc5 10. Bd3 Nh4 11. Nbd2 O-O 12. Nb3 Nxf3+ 13. Qxf3 Bb6 14. Qh3 f5 15. exf6 Qxf6 16. Qxh7+ Kf7 17. Qh5+ g6 18. Qh7+ Qg7 19. Bxg6+ Kf6 20. Bg5+ Kxg5 21. Qxg7 Bxf2+ 22. Kh1 Rg8 23. Qxd7 Rcd8 24. Qxb7 1-0

[Event "89th GER-ch"]
[Site "Dresden"]
[Date "2018.08.03"]
[Round "1"]
[White "Armbrust, Florian"]
[Black "Proschmann, Tino"]
[Result "1/2-1/2"]
[ECO "B23"]
[WhiteElo "2300"]
[BlackElo "2092"]
[Annotator "ChessBase"]
[PlyCount "62"]
[EventDate "2018.08.03"]
[EventType "swiss"]
[EventCountry "GER"]
[SourceTitle "playchess.com"]
[Source "ChessBase"]
[SourceQuality "1"]
[TimeControl "40/5400+30:1800+30"]

1. e4 c5 2. Nc3 Nc6 3. Bb5 Nd4 4. Bc4 e6 5. Nge2 a6 6. Nxd4 cxd4 7. Ne2 Nf6 8. d3 Bc5 9. O-O d5 10. exd5 Nxd5 11. c3 dxc3 12. bxc3 O-O 13. d4 Be7 14. a4 Bd7 15. Bxd5 exd5 16. Qb3 Bc6 17. Ba3 Re8 18. Bxe7 Rxe7 19. Ng3 Qd7 20. a5 Rae8 21. Qc2 Bb5 22. Rfc1 g6 23. Qd2 f5 24. h4 Qd6 25. Qh6 Qf6 26. Qf4 Kh8 27. h5 Bd3 28. Qd2 Bb5 29. Qf4 Bd3 30. Qd2 Bb5 31. Qf4 Bd3 1/2-1/2

[Event "89th GER-ch"]
[Site "Dresden"]
[Date "2018.08.03"]
[Round "1"]
[White "Gungl, Theo"]
[Black "Colpe, Malte"]
[Result "1/2-1/2"]
[ECO "C68"]
[WhiteElo "2283"]
[BlackElo "2384"]
[Annotator "ChessBase"]
[PlyCount "88"]
[EventDate "2018.08.03"]
[EventType "swiss"]
[EventCountry "GER"]
[SourceTitle "playchess.com"]
[Source "ChessBase"]
[SourceQuality "1"]
[TimeControl "40/5400+30:1800+30"]

1. e4 e5 2. Nf3 Nc6 3. Bb5 a6 4. Bxc6 dxc6 5. O-O Bg4 6. h3 h5 7. d3 Qf6 8. Nbd2 g5 9. Nc4 Bxf3 10. Qxf3 Qxf3 11. gxf3 f6 12. Kg2 Ne7 13. Ne3 Kf7 14. Rg1 Rd8 15. Kf1 Nc8 16. Ke2 Bc5 17. h4 Ne7 18. hxg5 Rdg8 19. Nf1 Bd6 20. Be3 h4 21. Nd2 fxg5 22. Rxg5 Rxg5 23. Bxg5 Ng6 24. Rh1 Be7 25. Be3 b6 26. d4 exd4 27. Bxd4 Rd8 28. Be3 Bd6 29. f4 Bxf4 30. Nf3 Rh8 31. Bxf4 Nxf4+ 32. Ke3 Ng2+ 33. Ke2 Nf4+ 34. Kd2 Kf6 35. Rh2 h3 36. Ng1 Rd8+ 37. Ke3 Ng2+ 38. Ke2 Nf4+ 39. Kf3 Ne6 40. Ke3 Rd1 41. Ne2 Ra1 42. Nc3 Rc1 43. Kd2 Rf1 44. Ke2 Rc1 1/2-1/2

[Event "89th GER-ch"]
[Site "Dresden"]
[Date "2018.08.03"]
[Round "1"]
[White "Brustkern, Juergen"]
[Black "Langrock, Hannes"]
[Result "1/2-1/2"]
[ECO "C00"]
[WhiteElo "2219"]
[BlackElo "2370"]
[Annotator "ChessBase"]
[PlyCount "72"]
[EventDate "2018.08.03"]
[EventType "swiss"]
[EventCountry "GER"]
[SourceTitle "playchess.com"]
[Source "ChessBase"]
[SourceQuality "1"]
[TimeControl "40/5400+30:1800+30"]

1. e4 e6 2. d3 d5 3. Qe2 Ne7 4. Nf3 c5 5. g3 Nbc6 6. Bg2 g6 7. O-O Bg7 8. e5 Qc7 9. Re1 Bd7 10. c4 O-O 11. Bf4 h6 12. h4 dxc4 13. dxc4 Nf5 14. Nc3 Ncd4 15. Nxd4 Nxd4 16. Qd2 h5 17. Ne4 Bc6 18. Rac1 Rfd8 19. Qe3 Kf8 20. Nf6 Bxg2 21. Kxg2 Qc6+ 22. Qe4 Bxf6 23. exf6 Ke8 24. f3 Qxe4 25. Rxe4 Kd7 26. g4 Kc6 27. Re5 Rh8 28. Bg3 Rad8 29. Bf2 b6 30. b3 Rd7 31. Rc3 a5 32. Kg3 Rd6 33. Kf4 Rd7 34. Kg3 Rd6 35. Kf4 Rd7 36. Kg3 Rd6 {(=)} 1/2-1/2

[Event "89th GER-ch"]
[Site "Dresden"]
[Date "2018.08.03"]
[Round "1"]
[White "Plassmann, Dominik"]
[Black "Faerber, David"]
[Result "1/2-1/2"]
[ECO "B12"]
[WhiteElo "2186"]
[BlackElo "2321"]
[Annotator "ChessBase"]
[PlyCount "61"]
[EventDate "2018.08.03"]
[EventType "swiss"]
[EventCountry "GER"]
[SourceTitle "playchess.com"]
[Source "ChessBase"]
[SourceQuality "1"]
[TimeControl "40/5400+30:1800+30"]

1. e4 c6 2. d4 d5 3. f3 e6 4. Nc3 Bb4 5. Be3 dxe4 6. fxe4 Qh4+ 7. g3 Qxe4 8. Qe2 Qd5 9. Bg2 Qa5 10. Bd2 Nf6 11. Nf3 O-O 12. O-O Nbd7 13. Rae1 Qd8 14. Kh1 Nb6 15. Ne5 Be7 16. Ne4 Nxe4 17. Qxe4 Nd5 18. c4 Nf6 19. Qe3 Bd7 20. Bc3 Be8 21. Rf2 Qc7 22. Ref1 Nd7 23. d5 cxd5 24. cxd5 Nxe5 25. Bxe5 Bd6 26. Bxg7 Kxg7 27. Qg5+ Kh8 28. Qf6+ Kg8 29. Qg5+ Kh8 30. Qf6+ Kg8 31. Qg5+ 1/2-1/2

[Event "89th GER-ch"]
[Site "Dresden"]
[Date "2018.08.03"]
[Round "1"]
[White "Adiyaman, Rene"]
[Black "Miller, Eduard"]
[Result "0-1"]
[ECO "C55"]
[WhiteElo "2097"]
[BlackElo "2309"]
[Annotator "ChessBase"]
[PlyCount "100"]
[EventDate "2018.08.03"]
[EventType "swiss"]
[EventCountry "GER"]
[SourceTitle "playchess.com"]
[Source "ChessBase"]
[SourceQuality "1"]
[TimeControl "40/5400+30:1800+30"]

1. e4 e5 2. Nf3 Nc6 3. Bc4 Bc5 4. c3 Nf6 5. d3 O-O 6. O-O d5 7. exd5 Nxd5 8. Re1 Bg4 9. h3 Bh5 10. Nbd2 Nb6 11. Bb5 Bd6 12. Ne4 f5 13. Bg5 Ne7 14. Ng3 Bxf3 15. Qxf3 c6 16. Bc4+ Nxc4 17. dxc4 e4 18. Qe2 h6 19. Bc1 Qc7 20. Nh5 c5 21. f3 Rae8 22. fxe4 Ng6 23. Be3 Rxe4 24. Qd2 Rh4 25. Qd1 Rd8 26. Qf3 Qc6 27. Qxc6 bxc6 28. Bf2 Rxh5 29. Rad1 Kf7 30. Kf1 f4 31. Re4 Be7 32. Rde1 Rd2 33. Re6 Rxf2+ 34. Kxf2 Bh4+ 35. Kf3 Bxe1 36. Rxe1 Ne5+ 37. Ke4 Nxc4 38. Kxf4 Rd5 39. b3 Nd6 40. Re3 Kf6 41. g4 Rd2 42. a4 Rb2 43. Rd3 g5+ 44. Kf3 Nf7 45. Kg3 Rxb3 46. Rd7 Rxc3+ 47. Kg2 Ra3 48. Rxa7 c4 49. Rc7 Ne5 50. Rh7 Nf7 0-1

[Event "89th GER-ch"]
[Site "Dresden"]
[Date "2018.08.03"]
[Round "1.1"]
[White "Gaede, Derek"]
[Black "Buhmann, Rainer"]
[Result "*"]
[ECO "D02"]
[WhiteElo "2298"]
[BlackElo "2581"]
[Annotator "ChessBase"]
[PlyCount "25"]
[EventDate "2018.08.03"]
[EventType "swiss"]
[EventCountry "GER"]
[SourceTitle "playchess.com"]
[Source "ChessBase"]
[SourceQuality "1"]
[TimeControl "40/5400+30:1800+30"]

1. d4 Nf6 2. Nf3 d5 3. Bf4 c5 4. e3 Nc6 5. Nbd2 e6 6. c3 cxd4 7. exd4 Nh5 8. Be3 Bd6 9. Ne5 g6 10. g4 Ng7 11. h4 f6 12. Nxc6 bxc6 13. h5 *

[Event "89th GER-ch"]
[Site "Dresden"]
[Date "2018.08.03"]
[Round "1.4"]
[White "Reuker, Jari"]
[Black "Svane, Frederik"]
[Result "*"]
[ECO "B41"]
[WhiteElo "2404"]
[BlackElo "2292"]
[Annotator "NA"]
[PlyCount "24"]
[EventDate "2018.08.03"]
[EventType "swiss"]
[EventCountry "GER"]
[SourceTitle "playchess.com"]
[Source "ChessBase"]
[SourceQuality "1"]
[TimeControl "40/5400+30:1800+30"]

1. e4 c5 2. Nf3 e6 3. d4 cxd4 4. Nxd4 a6 5. c4 Nf6 6. Nc3 Qc7 7. Be2 b6 8. O-O Bb7 9. Qd3 d6 10. f4 Nbd7 11. b4 Rc8 12. Bb2 Be7 $14 *